 Zot Defence DCSS version 0.15.2 (webtiles) character file.

295 hexophile the Skirmisher (level 6, -3/54 (57) HPs)
             Began as a Ghoul Fighter on Jan 26, 2016.
             Slain by a slime creature (16 damage)
             ... in the Realm of Zot (Scenario I: Hall of Zot).
             The game lasted 00:00:53 (1778 turns).

hexophile the Skirmisher (Ghoul Fighter)            Turns: 1778, Time: 00:00:53

HP  -3/54 (57)   AC  6     Str 20      XL: 6   Next: 34%
MP   5/5         EV  9     Int  5      God:
Gold 0           SH  0     Dex  8      Spells:  0 memorised,  5 levels left

rFire  . . .     SeeInvis .     a - +0 war axe
rCold  + . .     Clarity  .     b - +0 scale mail
rNeg   + + +     rCorr    .     (no shield)
rPois  +         rRot     +     (no helmet)
rElec  .         Spirit   .     (no cloak)
SustAb .         Warding  .     (no gloves)
rMut   .         Stasis   .     (no boots)
Saprov + + +                    (no amulet)
MR     .....                    (no ring)
                                (no ring)

@: rotting, not resistant to hostile enchantments, extremely unstealthy
A: rotting body, claws 1, carnivore 3, cold resistance 1, negative energy
resistance 3, poison resistance, saprovore 3, slow healing 1, torment
resistance, unbreathing
a: Make oklob sapling, Make arrow trap, Make plant, Remove Curse, Make burning
bush, Make altar, Make grenades


You were in the Realm of Zot.
You were not hungry.

You visited 1 branch


Innate Abilities, Weirdness & Mutations

Your body is rotting away.
You have sharp fingernails.
You are carnivorous and can eat meat at any time.
Your flesh is cold resistant.
You are immune to negative energy.
Your system is resistant to poisons.
You thrive on rotten meat.
You heal slowly when monsters are visible.
You are immune to unholy pain and torment.
You can survive without breathing.

Inventory:

Hand weapons
 a - a +0 war axe (weapon)
Armour
 b - a +0 scale mail (worn)
 c - a +0 shield
Comestibles
 i - 4 chunks of black bear flesh
 k - 2 chunks of worker ant flesh
Scrolls
 j - a scroll of blinking
Potions
 d - 3 potions of curing
 e - a potion of might
 f - a potion of heal wounds
 g - a potion of haste
 h - 2 potions of magic


You had 5 spell levels left.
You didn't know any spells.


   Skills:
 * Level 5.8 Fighting
 * Level 4.3 Axes
 - Level 2.6 Armour
 - Level 2.6 Shields

Dungeon Overview and Level Annotations

Branches:
    Zot (1/1)

Altars:

Annotations:
Zot Sonja

Vault maps used:
Zot:      zotvault
You       could see 2 slime creatures and Sonja.


Message History

4 chunks of black bear flesh; a black bear skeleton 3 chunks of worker ant flesh A slime creature comes into view.
Sonja gestures wildly while chanting.
Sonja blinks!
You see here a curare-tipped needle.
You aren't carrying any food.
You aren't carrying any food.
You aren't carrying any food.
You aren't carrying any food.
Unknown command.
You see here 2 curare-tipped needles.
You see here a curare-tipped needle.
Sonja bows elegantly.
Things that are here:
4 chunks of black bear flesh; a black bear skeleton 3 chunks of worker ant flesh
Okay, then.
i - 4 chunks of black bear flesh;
k - 3 chunks of worker ant flesh Eat one of 3 chunks of worker ant flesh? (ye/n/q/i?) This raw flesh tastes good!
You continue eating.
Sonja casts a spell.
Sonja blinks!
You continue eating.
You see here a curare-tipped needle.
Sonja mumbles some strange words.
Sonja blinks!
Sonja mumbles some strange words.
Sonja blinks!
The slime creature hits you!
You barely miss the slime creature.
Sonja gestures wildly while chanting.
Sonja blinks!
The slime creature hits you but does no damage.
The slime creature closely misses you.
You slash the slime creature!
The slime creature is lightly wounded.
The slime creature barely misses you.
Sonja mumbles some strange words.
Sonja blinks!
You hit the slime creature.
The slime creature is lightly wounded.
The slime creature hits you!
You slash the slime creature!
The slime creature is moderately wounded.
The slime creature hits you!
* * * LOW HITPOINT WARNING * * *
The slime creature hits you!
You die...

Action                   |  1- 3 |  4- 6 || total
-------------------------+-------+-------++-------
Melee: War axe           |    11 |    44 ||    55
  Eat: Chunk             |       |     1 ||     1

Notes
Turn   | Place    | Note
--------------------------------------------------------------
     0 | Zot      | hexophile, the Ghoul Fighter, began the quest for the Orb.
     0 | Zot      | Reached XP level 1. HP: 19/19 MP: 1/1
  1589 | Zot      | Noticed a black bear
  1597 | Zot      | Noticed a worker ant
  1600 | Zot      | Noticed a goliath beetle
  1600 | Zot      | Noticed Sonja
  1623 | Zot      | Killed a goliath beetle
  1623 | Zot      | Reached skill level 4 in Fighting
  1623 | Zot      | Reached skill level 2 in Axes
  1623 | Zot      | Reached XP level 2. HP: 23/25 MP: 2/2
  1623 | Zot      | Reached XP level 3. HP: 28/31 MP: 3/3
  1632 | Zot      | Killed a worker ant
  1632 | Zot      | Reached skill level 3 in Axes
  1632 | Zot      | Reached XP level 4. HP: 34/39 MP: 3/3
  1645 | Zot      | Killed a black bear
  1645 | Zot      | Reached skill level 5 in Fighting
  1645 | Zot      | Reached skill level 4 in Axes
  1645 | Zot      | Reached XP level 5. HP: 40/48 MP: 4/4
  1645 | Zot      | Reached XP level 6. HP: 45/55 MP: 5/5
  1761 | Zot      | Noticed a slime creature
  1771 | Zot      | Noticed a slime creature
  1778 | Zot      | Slain by a slime creature

Table legend:
 A = Turns spent in this place as a percentage of turns spent in the entire game.
 B = Non-inter-level travel turns spent in this place as a percentage of non-inter-level travel turns spent in the entire game.
 C = Inter-level travel turns spent in this place as a percentage of turns spent in this place.
 D = Turns resting spent in this place as a percentage of non-inter-level travel turns spent in this place.
 E = Turns spent auto-exploring this place as a percentage of non-inter-level travel turns spent in this place.
 F = Non-inter-level travel turns spent in this place divided by the number of levels of this place that you've seen.
                   A       B       C       D       E      F
               +-------+-------+-------+-------+-------+----------------------
         Total | 100.0 | 100.0 |   0.0 |   7.4 |   0.0 | 284.0
           Zot | 100.0 | 100.0 |   0.0 |   7.4 |   0.0 | 284.0
               +-------+-------+-------+-------+-------+----------------------

Table legend:
 A = Kills in this place as a percentage of kills in entire the game.
 B = Kills by you in this place as a percentage of kills by you in the entire game.
 C = Kills by friends in this place as a percentage of kills by friends in the entire game.
 D = Other kills in this place as a percentage of other kills in the entire game.
 E = Experience gained in this place as a percentage of experience gained in the entire game.
 F = Experience gained in this place divided by the number of levels of this place that you have seen.
                   A       B       C       D       E      F
               +-------+-------+-------+-------+-------+----------------------
         Total | 100.0 | 100.0 |  -nan | 100.0 | 100.0 | 422.0
           Zot | 100.0 | 100.0 |  -nan | 100.0 | 100.0 | 422.0
               +-------+-------+-------+-------+-------+----------------------

Vanquished Creatures
  A black bear (Zot)
  A worker ant (Zot)
  An orc (Zot)
  A kobold (Zot)
4 creatures vanquished.

Vanquished Creatures (others)
  A goliath beetle (Zot)
1 creature vanquished.

Grand Total: 5 creatures vanquished
